| TOP OF THE 1ST |
|
Brooklyn Cyclones batting - Pitching for Williamsport Crosscutters : LHP Chad Mroczkowski
|
|
Pitching: LHP Chad Mroczkowski
|
|
|
Batting: SHB Callum Lynch
|
0-0: Foul Ball, location: 2F 0-1: Ball 1-1: Swinging Strike 1-2: Ball 2-2: Ground out U3 (Groundball, 13, EV 90.6 MPH)
|
|
Batting: RHB Victor Reyes
|
0-0: Foul Ball, location: 2F 0-1: Ball 1-1: Fly out, F9 (Flyball, 9S, EV 90.6 MPH)
|
|
Batting: RHB Mike Mathews
|
0-0: Ball 1-0: Ball 2-0: DOUBLE (Line Drive, 3D, EV 100.0 MPH)
|
|
Batting: RHB Sang-ton Pak
|
0-0: Ball 1-0: Ball 2-0: Called Strike 2-1: Called Strike 2-2: Ball 3-2: Foul Ball, location: 2F 3-2: Strikes out looking
|
| Top of the 1st over - 0 runs, 1 hit, 0 errors, 1 left on base; Brooklyn 0 - Williamsport 0 |
| BOTTOM OF THE 1ST |
|
Williamsport Crosscutters batting - Pitching for Brooklyn Cyclones : RHP Mike Richardson
|
|
Pitching: RHP Mike Richardson
|
|
|
Batting: RHB Eddie Serna
|
0-0: Called Strike 0-1: Ball 1-1: Called Strike 1-2: Ground out 5-3 (Groundball, 56S, EV 66.9 MPH)
|
|
Batting: LHB Bryant Dill
|
0-0: Ball 1-0: Ground out 4-3 (Groundball, 34D, EV 103.1 MPH)
|
|
Batting: LHB Rich Kuehne
|
0-0: Ball 1-0: Ball 2-0: Ball 3-0: Called Strike 3-1: Called Strike 3-2: Strikes out swinging
|
| Bottom of the 1st over - 0 runs, 0 hits, 0 errors, 0 left on base; Brooklyn 0 - Williamsport 0 |
| TOP OF THE 2ND |
|
Brooklyn Cyclones batting - Pitching for Williamsport Crosscutters : LHP Chad Mroczkowski
|
|
Batting: RHB Rich Cracchiolo
|
0-0: Ball 1-0: Ball 2-0: Ball 3-0: Base on Balls
|
|
Batting: SHB Salvador Gomez
|
0-0: Swinging Strike 0-1: Swinging Strike 0-2: Strikes out swinging
|
|
Batting: RHB Bill Crogan
|
0-0: Ball 1-0: Ball 2-0: Ball Wild Pitch! Rich Cracchiolo to second 3-0: Base on Balls
|
|
Batting: RHB Matt Tittle
|
0-0: Called Strike 0-1: Called Strike 0-2: Foul Ball, location: 2F 0-2: Grounds into double play, 5-4-3 (Groundball, 56, EV 83.1 MPH)
|
| Top of the 2nd over - 0 runs, 0 hits, 0 errors, 1 left on base; Brooklyn 0 - Williamsport 0 |
| BOTTOM OF THE 2ND |
|
Williamsport Crosscutters batting - Pitching for Brooklyn Cyclones : RHP Mike Richardson
|
|
Batting: LHB Jean-Claude Vanbiesbrouck
|
0-0: Called Strike 0-1: Swinging Strike 0-2: Strikes out swinging
|
|
Batting: LHB Jason Duda
|
0-0: Ball 1-0: Ball 2-0: Swinging Strike 2-1: Called Strike 2-2: Strikes out looking
|
|
Batting: LHB Ryan Young
|
0-0: Called Strike 0-1: Ground out 4-3 (Groundball, 4, EV 85.6 MPH)
|
| Bottom of the 2nd over - 0 runs, 0 hits, 0 errors, 0 left on base; Brooklyn 0 - Williamsport 0 |
| TOP OF THE 3RD |
|
Brooklyn Cyclones batting - Pitching for Williamsport Crosscutters : LHP Chad Mroczkowski
|
|
Batting: SHB Duri Chilemba
|
0-0: Called Strike 0-1: Foul Ball, location: 2F 0-2: Ball 1-2: Ground out 4-3 (Groundball, 4, EV 108.8 MPH)
|
|
Batting: SHB Callum Lynch
|
0-0: Called Strike 0-1: SINGLE (Groundball, 34D, EV 101.9 MPH)
|
|
Batting: RHB Victor Reyes
|
0-0: Ball Callum Lynch is caught stealing 2nd base 2-4 1-0: Reached on error, E6 (Groundball, 6, EV 82.5 MPH)
|
|
Batting: RHB Mike Mathews
|
0-0: SINGLE (Line Drive, 4D, EV 98.1 MPH) Victor Reyes to third Runner from 3rd tries for Home, SAFE, throw by CF to home Mike Mathews to second
|
|
Batting: RHB Sang-ton Pak
|
0-0: Ball 1-0: Fly out, F7 (Flyball, 78S, EV 95.6 MPH)
|
| Top of the 3rd over - 1 run, 2 hits, 1 error, 1 left on base; Brooklyn 1 - Williamsport 0 |
| BOTTOM OF THE 3RD |
|
Williamsport Crosscutters batting - Pitching for Brooklyn Cyclones : RHP Mike Richardson
|
|
Batting: RHB Teh-huai Jiang
|
0-0: Called Strike 0-1: Ball 1-1: Swinging Strike 1-2: Fly out, F4 (Popup, 4MS, EV 81.2 MPH)
|
|
Batting: RHB Allen Deschamps
|
0-0: Called Strike 0-1: Foul Ball, location: 2F 0-2: Ball 1-2: Foul Ball, location: 2F 1-2: Strikes out swinging
|
|
Batting: RHB Rafael Soto
|
0-0: Ball 1-0: DOUBLE (Line Drive, 8RD, EV 100.0 MPH)
|
|
Batting: RHB Eddie Serna
|
0-0: Ball 1-0: Swinging Strike 1-1: Swinging Strike 1-2: Ball 2-2: Foul Ball, location: 2F 2-2: Ball 3-2: Foul Ball, location: 2F 3-2: Foul Ball, location: 2F 3-2: Ground out 6-3 (Groundball, 6, EV 93.1 MPH)
|
| Bottom of the 3rd over - 0 runs, 1 hit, 0 errors, 1 left on base; Brooklyn 1 - Williamsport 0 |
| TOP OF THE 4TH |
|
Brooklyn Cyclones batting - Pitching for Williamsport Crosscutters : LHP Chad Mroczkowski
|
|
Batting: RHB Rich Cracchiolo
|
0-0: Foul Ball, location: 2F 0-1: Ball 1-1: Ground out 4-3 (Groundball, 4MS, EV 78.1 MPH)
|
|
Batting: SHB Salvador Gomez
|
0-0: Foul Ball, location: 2F 0-1: Swinging Strike 0-2: Ball 1-2: Strikes out swinging, 2-3 out at first.
|
|
Batting: RHB Bill Crogan
|
0-0: Ball 1-0: Swinging Strike 1-1: SINGLE (Line Drive, 4MD, EV 102.5 MPH)
|
|
Batting: RHB Matt Tittle
|
0-0: Ball 1-0: Ball 2-0: Ball 3-0: Called Strike 3-1: Swinging Strike 3-2: SINGLE (Groundball, 6MD, EV 101.2 MPH) Bill Crogan to second Bill Crogan to third
|
|
Batting: SHB Duri Chilemba
|
0-0: Fielders Choice at 2nd, 6-4 (Groundball, 6, EV 90.6 MPH)
|
| Top of the 4th over - 0 runs, 2 hits, 0 errors, 2 left on base; Brooklyn 1 - Williamsport 0 |
| BOTTOM OF THE 4TH |
|
Williamsport Crosscutters batting - Pitching for Brooklyn Cyclones : RHP Mike Richardson
|
|
Batting: LHB Bryant Dill
|
0-0: Ball 1-0: Ball 2-0: Foul Ball, location: 2F 2-1: Ground out 4-3 (Groundball, 34, EV 85.6 MPH)
|
|
Batting: LHB Rich Kuehne
|
0-0: Ball 1-0: Foul Ball, location: 2F 1-1: Foul Ball, location: 2F 1-2: Foul Ball, location: 2F 1-2: Ball 2-2: Foul Ball, location: 2F 2-2: Ball 3-2: Base on Balls
|
|
Batting: LHB Jean-Claude Vanbiesbrouck
|
0-0: Ball 1-0: Called Strike 1-1: Ball 2-1: Swinging Strike 2-2: Strikes out swinging
|
|
Batting: LHB Jason Duda
|
0-0: Ball 1-0: Fly out, F7 (Flyball, 7LSF, EV 74.4 MPH)
|
| Bottom of the 4th over - 0 runs, 0 hits, 0 errors, 1 left on base; Brooklyn 1 - Williamsport 0 |
| TOP OF THE 5TH |
|
Brooklyn Cyclones batting - Pitching for Williamsport Crosscutters : LHP Chad Mroczkowski
|
|
Batting: SHB Callum Lynch
|
0-0: Swinging Strike 0-1: TRIPLE (Flyball, 9LD, EV 96.2 MPH)
|
|
Batting: RHB Victor Reyes
|
0-0: Foul Ball, location: 2F 0-1: Ball 1-1: Foul Ball, location: 2F 1-2: Ball 2-2: Ground out 5-3 (Groundball, 56, EV 103.1 MPH) Callum Lynch scores
|
|
Batting: RHB Mike Mathews
|
0-0: Ground out 5-3 (Groundball, 5, EV 95.0 MPH)
|
|
Batting: RHB Sang-ton Pak
|
0-0: Ball 1-0: Ball 2-0: Called Strike 2-1: Swinging Strike 2-2: Fly out, F9 (Line Drive, 89M, EV 90.6 MPH)
|
| Top of the 5th over - 1 run, 1 hit, 0 errors, 0 left on base; Brooklyn 2 - Williamsport 0 |
| BOTTOM OF THE 5TH |
|
Williamsport Crosscutters batting - Pitching for Brooklyn Cyclones : RHP Mike Richardson
|
|
Batting: LHB Ryan Young
|
0-0: Ball 1-0: Ball 2-0: Foul Ball, location: 2F 2-1: Ball 3-1: Called Strike 3-2: Foul Ball, location: 2F 3-2: SINGLE (Line Drive, 89S, EV 96.9 MPH)
|
|
Batting: RHB Teh-huai Jiang
|
0-0: Ball 1-0: 2-RUN HOME RUN (Flyball, 9D, EV 96.9 MPH), Distance : 377 ft
|
|
Batting: RHB Allen Deschamps
|
0-0: Called Strike 0-1: Fly out, F8 (Line Drive, 8LM, EV 91.9 MPH)
|
|
Batting: RHB Rafael Soto
|
0-0: Ball 1-0: Called Strike 1-1: Ball 2-1: Foul Ball, location: 2F 2-2: Foul Ball, location: 2F 2-2: Ball 3-2: Foul Ball, location: 2F 3-2: Foul Ball, location: 2F 3-2: Strikes out swinging
|
|
Batting: RHB Eddie Serna
|
0-0: Called Strike 0-1: Ball 1-1: Called Strike 1-2: Ball 2-2: Ball 3-2: Base on Balls
|
|
Batting: LHB Bryant Dill
|
0-0: Called Strike 0-1: Ball 1-1: Called Strike 1-2: Foul Ball, location: 2F 1-2: Ball 2-2: Strikes out swinging
|
| Bottom of the 5th over - 2 runs, 2 hits, 0 errors, 1 left on base; Brooklyn 2 - Williamsport 2 |
| TOP OF THE 6TH |
|
Brooklyn Cyclones batting - Pitching for Williamsport Crosscutters : LHP Chad Mroczkowski
|
|
Batting: RHB Rich Cracchiolo
|
0-0: Ball 1-0: Called Strike 1-1: Called Strike 1-2: Ball 2-2: Ball 3-2: Ground out 4-3 (Groundball, 4, EV 88.1 MPH)
|
|
Pitching: LHP Justin Thornton
|
|
|
Batting: SHB Salvador Gomez
|
0-0: Ball 1-0: Ball 2-0: Called Strike 2-1: Ball 3-1: Base on Balls
|
|
Batting: RHB Bill Crogan
|
0-0: Foul Ball, location: 2F 0-1: Swinging Strike 0-2: TRIPLE (Flyball, 78XD, EV 102.5 MPH) Salvador Gomez scores
|
|
Batting: RHB Matt Tittle
|
0-0: Ball 1-0: Fly out, F9 (Flyball, 89XD, EV 110.0 MPH) Runner from 3rd tags up, SCORES, no throw by RF
|
|
Batting: SHB Duri Chilemba
|
0-0: Ground out 3-1 (Groundball, 34, EV 88.8 MPH)
|
| Top of the 6th over - 2 runs, 1 hit, 0 errors, 0 left on base; Brooklyn 4 - Williamsport 2 |
| BOTTOM OF THE 6TH |
|
Williamsport Crosscutters batting - Pitching for Brooklyn Cyclones : RHP Mike Richardson
|
|
Batting: LHB Rich Kuehne
|
0-0: Fly out, F8 (Flyball, 8RXD, EV 105.0 MPH)
|
|
Batting: LHB Jean-Claude Vanbiesbrouck
|
0-0: SINGLE (Line Drive, 4MD, EV 94.4 MPH)
|
|
Batting: LHB Jason Duda
|
0-0: Ball 1-0: SINGLE (Line Drive, 7LS, EV 88.8 MPH) Jean-Claude Vanbiesbrouck to second
|
|
Batting: LHB Ryan Young
|
0-0: Called Strike 0-1: Foul Ball, location: 2F 0-2: Ball 1-2: Strikes out swinging
|
|
Batting: RHB Teh-huai Jiang
|
0-0: Foul Ball, location: 2F 0-1: Ball 1-1: Foul Ball, location: 2F 1-2: Foul Ball, location: 2F 1-2: Ball 2-2: Strikes out swinging
|
| Bottom of the 6th over - 0 runs, 2 hits, 0 errors, 2 left on base; Brooklyn 4 - Williamsport 2 |
| TOP OF THE 7TH |
|
Brooklyn Cyclones batting - Pitching for Williamsport Crosscutters : LHP Justin Thornton
|
|
Batting: SHB Callum Lynch
|
0-0: Ground out U3 (Groundball, 3L, EV 83.8 MPH)
|
|
Batting: RHB Victor Reyes
|
0-0: Ball 1-0: Ball 2-0: Foul Ball, location: 2F 2-1: Ball 3-1: SINGLE (Groundball, 6MD, EV 110.0 MPH)
|
|
Batting: RHB Mike Mathews
|
0-0: Swinging Strike 0-1: Grounds into double play, 1-6-3 (Groundball, 13, EV 65.6 MPH)
|
| Top of the 7th over - 0 runs, 1 hit, 0 errors, 0 left on base; Brooklyn 4 - Williamsport 2 |
| BOTTOM OF THE 7TH |
|
Williamsport Crosscutters batting - Pitching for Brooklyn Cyclones : RHP Mike Richardson
|
|
Pitching: RHP Jason Horvath
|
|
|
Batting: RHB Allen Deschamps
|
0-0: Ball 1-0: Foul Ball, location: 2F 1-1: Ball 2-1: Foul Ball, location: 2F 2-2: Strikes out swinging
|
|
Batting: RHB Rafael Soto
|
0-0: Fly out, F8 (Flyball, 89M, EV 97.5 MPH)
|
|
Batting: RHB Eddie Serna
|
0-0: Ball 1-0: Foul Ball, location: 2F 1-1: Swinging Strike 1-2: Strikes out looking
|
| Bottom of the 7th over - 0 runs, 0 hits, 0 errors, 0 left on base; Brooklyn 4 - Williamsport 2 |
| TOP OF THE 8TH |
|
Brooklyn Cyclones batting - Pitching for Williamsport Crosscutters : LHP Justin Thornton
|
|
Batting: RHB Sang-ton Pak
|
0-0: Hit by Pitch
|
|
Batting: RHB Rich Cracchiolo
|
0-0: Ball 1-0: Ball 2-0: Foul Ball, location: 2F 2-1: Ball 3-1: Called Strike 3-2: Foul Ball, location: 2F 3-2: Foul Ball, location: 2F 3-2: Foul Ball, location: 2F 3-2: Base on Balls Sang-ton Pak to second
|
|
Batting: SHB Salvador Gomez
|
0-0: Bunted foul 0-1: Ball 1-1: Bunt missed! 1-2: SINGLE (Groundball, 4D, EV 96.2 MPH) Sang-ton Pak to third Rich Cracchiolo to second Runner from 3rd tries for Home, throw by RF and OUT! 9-2
|
|
Batting: RHB Bill Crogan
|
0-0: Ball 1-0: Foul Ball, location: 2F 1-1: Foul Ball, location: 2F 1-2: Fly out, F8 (Flyball, 89D, EV 89.4 MPH) Runner from 2nd tags up, SAFE at 3rd, no throw by CF
|
|
Batting: RHB Matt Tittle
|
0-0: Ball 1-0: Called Strike 1-1: Foul Ball, location: 2F 1-2: Ball 2-2: Fielders Choice at 2nd, 6-4 (Groundball, 6, EV 80.6 MPH)
|
| Top of the 8th over - 0 runs, 1 hit, 0 errors, 2 left on base; Brooklyn 4 - Williamsport 2 |
| BOTTOM OF THE 8TH |
|
Williamsport Crosscutters batting - Pitching for Brooklyn Cyclones : RHP Jason Horvath
|
|
Batting: LHB Bryant Dill
|
0-0: Ball 1-0: Ball 2-0: Foul Ball, location: 2F 2-1: Called Strike 2-2: Ball 3-2: Base on Balls
|
|
Batting: LHB Rich Kuehne
|
0-0: Swinging Strike 0-1: Ball 1-1: Ball 2-1: Ball 3-1: Foul Ball, location: 2F 3-2: Strikes out looking
|
|
Batting: LHB Jean-Claude Vanbiesbrouck
|
0-0: Ball 1-0: Foul Ball, location: 2F 1-1: DOUBLE (Line Drive, 9LS, EV 101.2 MPH) Bryant Dill to third
|
|
Batting: LHB Jason Duda
|
0-0: Ball 1-0: Ball 2-0: Called Strike 2-1: Ball 3-1: Base on Balls
|
|
Batting: LHB Ryan Young
|
0-0: Called Strike 0-1: Grounds into fielders choice 6-2 (Groundball, 4, EV 100.6 MPH) Jean-Claude Vanbiesbrouck to third Jason Duda to second
|
|
Batting: LHB Dennis French
|
0-0: Called Strike 0-1: Foul Ball, location: 2F 0-2: Ball 1-2: Foul Ball, location: 2F 1-2: Foul Ball, location: 2F 1-2: Ball 2-2: Strikes out swinging
|
| Bottom of the 8th over - 0 runs, 1 hit, 0 errors, 3 left on base; Brooklyn 4 - Williamsport 2 |
| TOP OF THE 9TH |
|
Brooklyn Cyclones batting - Pitching for Williamsport Crosscutters : LHP Justin Thornton
|
|
Batting: SHB Duri Chilemba
|
0-0: Ball 1-0: Called Strike 1-1: Ball 2-1: Swinging Strike 2-2: Foul Ball, location: 2F 2-2: Foul Ball, location: 2F 2-2: Ground out 5-3 (Groundball, 56, EV 89.4 MPH)
|
|
Pitching: RHP Dave Gomez
|
|
|
Batting: SHB Callum Lynch
|
0-0: Foul Ball, location: 2F 0-1: Ball 1-1: Swinging Strike 1-2: TRIPLE (Flyball, 8LXD, EV 92.5 MPH)
|
|
Batting: RHB Victor Reyes
|
0-0: Swinging Strike 0-1: Ball 1-1: Called Strike 1-2: Ball 2-2: Strikes out swinging
|
|
Batting: RHB Mike Mathews
|
0-0: SINGLE (Line Drive, 89S, EV 89.4 MPH) Callum Lynch scores
|
|
Batting: RHB Sang-ton Pak
|
0-0: Ball 1-0: Ball 2-0: Ball 3-0: Called Strike 3-1: Foul Ball, location: 2F 3-2: Strikes out swinging
|
| Top of the 9th over - 1 run, 2 hits, 0 errors, 1 left on base; Brooklyn 5 - Williamsport 2 |
| BOTTOM OF THE 9TH |
|
Williamsport Crosscutters batting - Pitching for Brooklyn Cyclones : RHP Jason Horvath
|
|
Pitching: LHP Joe Edwards
|
|
|
Batting: RHB Allen Deschamps
|
0-0: Fly out, F9 (Flyball, 9D, EV 91.2 MPH)
|
|
Batting: RHB Rafael Soto
|
0-0: Called Strike 0-1: Called Strike 0-2: Ball 1-2: Fly out, F9 (Flyball, 9S, EV 86.2 MPH)
|
|
Batting: RHB Eddie Serna
|
0-0: Called Strike 0-1: Swinging Strike 0-2: DOUBLE (Line Drive, 9LM, EV 110.6 MPH)
|
|
Batting: LHB Bryant Dill
|
0-0: Ball 1-0: Ball 2-0: Ground out U3 (Groundball, 34S, EV 68.1 MPH)
|
| Bottom of the 9th over - 0 runs, 1 hit, 0 errors, 1 left on base; Brooklyn 5 - Williamsport 2 |
|